 Dungeon Crawl Stone Soup version 0.31.0-7-gf635a9b802 (webtiles) character file.

Game seed: 14459301989289945045

147 BeingJoeMalik the Sneak (level 5, -2/49 HPs)
             Began as a Naga Delver on Jan 23, 2024.
             Slain by Pikel
             ... wielding a +1 whip of freezing
              (9 damage)
             ... on level 4 of the Dungeon.
             The game lasted 00:12:22 (2666 turns).

BeingJoeMalik the Sneak (Naga Delver)               Turns: 2666, Time: 00:12:23

Health: -2/49      AC:  4    Str: 16    XL:     5   Next: 29%
Magic:  5/5        EV:  9    Int: 10    God:
Gold:   26         SH:  5    Dex: 13    Spells: 4/4 levels left

rFire   + . .        a - +0 falchion
rCold   . . .        (no shield)
rNeg    . . .        b - +0 leather armour
rPois   +            (no helmet)
rElec   .            k - +0 cloak
rCorr   .            (no gloves)
SInv    +            (no barding)
Will    .....        i - amulet of reflection
Stlth   +++          m - ring of protection from fire
HPRegen 0.28/turn    (no ring)
MPRegen 0.09/turn

%: reflection
@: short of breath, very slow
A: AC +1, large, see invisible, deformed body, poison resistance, slowness 2,
spit poison 1, naga tail 1
a: Spit Poison


You were on level 4 of the Dungeon.
You visited 1 branch of the dungeon, and saw 5 of its levels.

You collected 95 gold pieces.
You spent 69 gold pieces at shops.

Inventory:

Hand Weapons
 a - a +0 falchion (weapon)
Armour
 b - a +0 leather armour (worn)
 k - a +0 cloak (worn)
Jewellery
 i - an amulet of reflection (around neck)
 m - a ring of protection from fire (left hand)
Wands
 g - a wand of digging (3)
 q - a wand of mindburst (7)
Scrolls
 d - a scroll of vulnerability {unknown}
 e - a scroll of fear
 p - 2 scrolls of teleportation {unknown}
Potions
 c - 3 potions of enlightenment
 f - a potion of haste
 h - a potion of heal wounds
 l - a potion of lignification
 n - 2 potions of attraction
 o - 3 potions of curing


   Skills:
 - Level 3.0 Fighting
 + Level 5.3 Long Blades
 - Level 1.5 Dodging
 - Level 7.2 Stealth


You had 4 spell levels left.
You didn't know any spells.
Your spell library contained the following spells:

 Spells                   Type           Power      Damage    Failure   Level
 Inner Flame              Hex/Fire       0%         N/A       80%         3
 Flame Wave               Conj/Fire      0%         2d4       99%         4
 Sticky Flame             Fire/Alch      0%         2d4       99%         4


Dungeon Overview and Level Annotations

Branches:
Dungeon (5/15)
 Temple: D:4-7

Altars:

Shops:
D:3 [(*   D:4 =

Annotations:
D:4 Edmund, Pikel
D:5 Ijyb


Innate Abilities, Weirdness & Mutations

Your serpentine skin is tough. (AC +1)
You have supernaturally acute eyesight. (SInv)
Armour fits poorly on your strangely shaped body.
Your system is resistant to poisons. (rPois)
You cover ground very slowly.
You can spit poison.
You have a snake-like lower body.


Message History

The lemure looks frightened! x2
Pikel howls in fear.
Unknown command.
Unknown command.
Pikel looks more healthy.
Unknown command.
Aiming: Mindburst
Press: ? - help, Shift-Dir - straight line, f/p - Pikel
Aim: Pikel, wielding a +1 whip of freezing and wearing a +0 robe (severely wounded, fleeing, chance to affect: 64%)
Your attack snaps Pikel out of his fear.
Pikel struggles to resist.
Unknown command.
Unknown command.
You have got your breath back.
Aiming: Spit Poison (1% risk of failure)
Press: ? - help, Q - select action, (/) - cycle Shift-Dir - straight line, f/p - Pikel
Aim: Pikel, wielding a +1 whip of freezing and wearing a +0 robe (severely wounded, 50% to hit)
The splash of poison hits Pikel but does no damage.
Pikel is severely wounded.
There is an escape hatch in the ceiling here.
You have got your breath back.
Aiming: Spit Poison (1% risk of failure)
Press: ? - help, Q - select action, (/) - cycle Shift-Dir - straight line, f/p - Pikel
Aim: Pikel, wielding a +1 whip of freezing and wearing a +0 robe (severely wounded, 50% to hit)
The splash of poison hits Pikel but does no damage.
Pikel is severely wounded.
Pikel attacks as he pursues you!
Pikel hits you with a +1 whip of freezing.
* * * LOW HITPOINT WARNING * * *
Pikel freezes you.
* * * LOW HITPOINT WARNING * * *
Unknown command.
Pikel attacks as he pursues you! Pikel closely misses you.
There is a stone staircase leading up here.
Unknown command.
You hit Pikel but do no damage.
Pikel is severely wounded.
Pikel hits you with a +1 whip of freezing!
You die...
Pikel says, "Another soul for the market."

..........#...........#
..........#...........#
..........#...........#
......................#
...#.#####............#
.....................(#
##.#.#####............#
#.#.######.<.........###########
. ............K@................
##.##########.###.##(#####.######
.. ..........#.......[.......# .#
......#.#.##.........#'##.# .
.##.#.#.#÷...........#.###. # #
#.#.#####.##..##...##
#.##......##..#.⌠.⌠..
#.###.###.##.##..∩..#
.........###.'..⌠.⌠.#


You could see Pikel.

Vanquished Creatures
  2 lemures (D:3)
  A jelly (D:4)
  5 adders
  2 dart slugs
  5 ball pythons
  5 endoplasms
  A giant cockroach (D:3)
  8 goblins
  7 hobgoblins
  7 jackals
  5 quokkas
  4 bats
  4 frilled lizards
  6 kobolds
  5 rats
67 creatures vanquished.

Notes
Turn   | Place    | Note
-------+----------+-------------------------------------------
     0 | D:5      | BeingJoeMalik the Naga Delver began the quest for the Orb.
     0 | D:5      | Reached XP level 1. HP: 21/21 MP: 1/1
    57 | D:5      | Noticed Ijyb
    57 | D:5      | Noticed an ogre
    74 | D:5      | Noticed a steam dragon
   180 | D:4      | Reached XP level 2. HP: 8/28 MP: 2/2
   516 | D:1      | Reached XP level 3. HP: 34/34 MP: 3/3
  1231 | D:2      | Reached XP level 4. HP: 42/42 MP: 4/4
  1784 | D:3      | Found Xaiqes's Antique Armour Shop.
  1906 | D:3      | Found Muicw's Antique Weapon Shop.
  1914 | D:3      | Identified the +0 cloak of the Swamp {Harm +Blink Fly rF-}
  1925 | D:3      | Found Nehipt's Assorted Antiques.
  1934 | D:3      | Bought a green potion for 23 gold pieces
  1934 | D:3      | Bought a black potion for 23 gold pieces
  1934 | D:3      | Bought a lumpy clear potion for 23 gold pieces
  2134 | D:4      | Reached skill level 5 in Long Blades
  2134 | D:4      | Reached XP level 5. HP: 22/49 MP: 5/5
  2256 | D:4      | Noticed Edmund
  2305 | D:4      | Found Peojurin's Jewellery Emporium.
  2378 | D:4      | Noticed Pikel
  2379 | D:4      | Noticed a lemure
  2379 | D:4      | Noticed a lemure
  2379 | D:4      | Noticed a lemure
  2414 | D:3      | Killed a lemure
  2433 | D:3      | Killed a lemure
  2627 | D:4      | Noticed a lemure
  2666 | D:4      | Slain by Pikel

Illustrated notes

Levels and vault maps discovered:
D:1:      minmay_arrival_stone_box, layout_rooms
D:2:      layout_loops_ring, nicolae_figureground_pulse
D:3:      layout_rooms, serial_shops, shop, shop, shop
D:4:      layout_basic, serial_shops, nicolae_shop_rolling_square,
          dreamdust_princess_corridor, uniq_crazy_yiuf_cottage, uniq_pikel,
          uniq_edmund
D:5:      layout_gridville, hangedman_decor_clover_reticule, uniq_ijyb,
          uniq_sigmund

Skill      XL: |  1  2  3  4 |
---------------+-------------+-----
Long Blades    | 3 4 5 |  5.3
Fighting       | |  3.0
Dodging        | |  1.5
Stealth        | |  7.2

Action                     |  1- 3 |  4- 6 || total
---------------------------+-------+-------++-------
  Melee: Falchion          |    65 |    99 ||   164
Ability: Spit Poison       |    14 |    29 ||    43
  Evoke: Wand              |       |     1 ||     1
    Use: Scroll            |     2 |     8 ||    10
         Potion            |       |     4 ||     4
   Stab: Sleeping          |     9 |     6 ||    15
 Armour: Leather armour    |    35 |    61 ||    96
         Skin              |       |    21 ||    21
  Dodge: Dodged            |    31 |    34 ||    65
  Block: Other             |     8 |    10 ||    18
